 Dungeon Crawl Stone Soup version 0.30-a0-718-geaa24f58ff (webtiles) character file.

Game seed: 17960930559539401618

3941 BigDaddyOpFi the Covert (level 10, -6/44 HPs)
             Began as a Felid Earth Elementalist on Jan 24, 2023.
             Was a Follower of Vehumet.
             Shot with an arrow by a centaur warrior (26 damage)
             ... on level 8 of the Dungeon on Jan 25, 2023.
             The game lasted 00:31:53 (24896 turns).

BigDaddyOpFi the Covert (Felid Earth Elementalist) Turns: 24896, Time: 00:31:53

Health: -6/44      AC:  4    Str:  4    XL:     10   Next: 1%
Magic:  16/23      EV: 26    Int: 21    God:    Vehumet [*.....]
Gold:   534        SH:  0    Dex: 17    Spells: 14/25 levels left
                                        Lives:  0   Deaths: 3

rFire   + . .      SeeInvis +    (weapon unavailable)
rCold   x . .      Faith    .    (shield unavailable)
rNeg    . . .      Spirit   .    (body armour unavailable)
rPois   .          Reflect  .    (helmet unavailable)
rElec   .          Harm     .    (cloak unavailable)
rCorr   .          Rampage  .    (gloves unavailable)
Will    +....      Clarity  +    (boots unavailable)
Stlth   +++++                    (no amulet)
HPRegen 0.27/turn                h - ring of fire
MPRegen 0.18/turn                f - +5 ring of evasion

@: quick
A: very small, claws 1, fangs 3, see invisible, speed 1, shaggy fur 2, stealthy
paws, no weapons or thrown items, no armour, multi-lived, iridescent scales 1,
camouflage 1, clarity, screaming 1
a: Renounce Religion


You were on level 8 of the Dungeon.
You worshipped Vehumet.
Vehumet was aware of your devotion.
You visited 1 branch of the dungeon, and saw 10 of its levels.

You collected 534 gold pieces.

Inventory:

Jewellery
 f - a +5 ring of evasion (right paw)
 h - a ring of fire (left paw)
Wands
 a - a wand of mindburst (6) (quivered)
 d - a wand of digging (7)
 e - a wand of charming (9)
 n - a wand of flame (13)
Scrolls
 b - a scroll of magic mapping
 c - 2 scrolls of amnesia
 g - 3 scrolls of noise
 i - 2 scrolls of immolation
 j - 2 scrolls of enchant weapon
 k - a scroll of vulnerability
 l - a scroll of enchant armour
 m - a scroll of identify
Potions
 o - a potion of haste {unknown}
 p - a potion of berserk rage
 s - a potion of invisibility


   Skills:
 + Level 5.3 Fighting
 + Level 7.6 Dodging
 + Level 8.3 Stealth
 + Level 8.1 Spellcasting
 + Level 6.9 Conjurations
 - Level 4.4 Translocations
 - Level 1.5 Transmutations
 + Level 4.6 Air Magic
 - Level 6.5 Earth Magic


You had 14 spell levels left.
You knew the following spells:

 Your Spells              Type           Power      Damage    Failure   Level
a - Sandblast             Erth           70%        2d15      1%          1
b - Stone Arrow           Conj/Erth      72%        3d11      1%          3
c - Vhi's Electric Charg  Tloc/Air       54%        N/A       3%          3
d - Freeze                Ice            32%        1d5       8%          1
e - Magic Dart            Conj           100%       1d8       1%          1
f - Searing Ray           Conj           74%        2d7       1%          2

Your spell library contained the following spells:

 Spells                   Type           Power      Damage    Failure   Level
 Passwall                 Tmut/Erth      20%        N/A       2%          2
 Petrify                  Tmut/Erth      25%        N/A       16%         4
 Fulminant Prism          Conj/Hex       11%        3d8       19%         4
 Arcjolt                  Conj/Air       16%        1d26      21%         5
 Inner Flame              Hex/Fire       12%        N/A       24%         3
 Animate Dead             Necr           8%         N/A       61%         4
 Cause Fear               Hex            4%         N/A       61%         4
 Yara's Violent Unravell  Hex/Tmut       5%         3d4       85%         5
 Enfeeble                 Hex            4%         N/A       100%        7
 Haunt                    Necr/Summ      4%         N/A       100%        7
 Discord                  Hex            4%         N/A       100%        8
 Infestation              Necr           4%         N/A       100%        8
 Lehudib's Crystal Spear  Conj/Erth      18%        10d5      100%        8
 Maxwell's Capacitive Co  Air            14%        ∞         100%        8
 Animate Armour           Summ/Erth      Unusable   N/A       N/A         4

Dungeon Overview and Level Annotations

Branches:
Dungeon (10/15)            Temple (0/1) D:7
   Lair: D:8-11         Orc: D:9-12

Altars:
Ashenzari
Elyvilon
Ru
Vehumet
Xom
The Shining One

Shops:
D:8 [   D:9 ?


Innate Abilities, Weirdness & Mutations

You have sharp claws.
You have razor-sharp teeth.
You have supernaturally acute eyesight. (SInv)
You cover ground quickly. (Speed+)
You are covered in thick fur. (AC +2)
Your paws help you pounce on unaware monsters.
You are incapable of wielding weapons or throwing items.
You cannot wear armour.
You gain extra lives every three experience levels.
You are partially covered in iridescent scales. (AC +2)
Your skin changes colour to match your surroundings (Stealth+).
You possess an exceptional clarity of mind.
You occasionally shout uncontrollably at your foes.


Message History

The cyan ugly thing barely misses you.
Aiming: Throw Flame
Press: ? - help, Q - select action, (/) - cycle Shift-Dir - straight line, f/p - cyclops
Aim: a cyclops, quivering large rocks (lightly wounded, 97% to hit)
The puff of flame hits the cyan ugly thing.
The cyan ugly thing is severely wounded.
The cyan ugly thing misses you.
Aiming: Throw Flame
Press: ? - help, Q - select action, (/) - cycle Shift-Dir - straight line, f/p - cyclops
Aim: a cyclops, quivering large rocks (lightly wounded, 97% to hit)
The puff of flame hits the cyan ugly thing!
The cyan ugly thing is almost dead.
The cyan ugly thing misses you.
Casting: Stone Arrow (safe; 1% risk of failure)
Confirm with . or Enter, or press ? or * to list all spells.
Aiming: Stone Arrow (safe; 1% risk of failure)
Press: ? - help, Shift-Dir - straight line, f/p - cyclops
Aim: a cyclops, quivering large rocks (lightly wounded, 98% to hit)
The stone arrow hits the cyan ugly thing!
You kill the cyan ugly thing!
Vehumet accepts your kill. The vampire mosquito misses you.
Welcome back to level 10!
Aiming: Mindburst
Press: ? - help, Q - select action, (/) - cycle Shift-Dir - straight line, f/p - cyclops
Aim: a cyclops, quivering large rocks (lightly wounded, chance to affect: 47%)
Okay, then.
Casting: Stone Arrow (safe; 1% risk of failure)
Confirm with . or Enter, or press ? or * to list all spells.
Aiming: Stone Arrow (safe; 1% risk of failure)
Press: ? - help, Shift-Dir - straight line, f/p - cyclops
Aim: a cyclops, quivering large rocks (lightly wounded, 98% to hit)
The stone arrow hits the vampire mosquito!!
You destroy the vampire mosquito!
Vehumet accepts your kill.
The centaur warrior unwields the +8 hand axe "Wetic" {spect, rC+}.
The centaur warrior wields a +0 longbow.
The centaur warrior shoots an arrow.
The arrow hits you!!
Ouch! That really hurt!
You die...

..........###########'##.).......
..............## #.....#.......
.#.#####.......## #.....#.......
##.# ###......####.....#.......
##.# ####.).....#.)...#.....[.
...# #..###...)...............
...# #[}.9####...)....########
...# #oWCc†###.....)........ ...#
#..###@.###..)<....#.## ...# #..
####....###.........# ...# #
###..###....###....#... ...#
###..###....#...####.#.#. ...#
###..##..#...)......##.#)##
...####..##..###.##..##.####)#.##
...##).##..##..#.##...######.....
...#.##.)##..####...####..##...#.
...#.####..##..#..#####..###.<)..


You could see a centaur warrior, a cyclops, a wraith, a gargoyle and an orc
wizard.

Vanquished Creatures
  Pikel (D:8)
  An ugly thing (D:8)
  Psyche (D:8)
  A kobold demonologist (D:6)
  A troll (D:8)
  A hornet (D:7)
  Prince Ribbit (D:8)
  11 yaks
  2 wyverns (D:8)
  A wraith (D:9)
  Grum (D:7)
  A steam dragon (D:7)
  6 vampire mosquitoes (D:8)
  2 acid dragons
  2 orc warriors (D:8)
  3 ice beasts
  2 black bears
  A sky beast (D:7)
  3 ogres (D:5)
  4 wolves (D:7)
  2 phantoms (D:5)
  2 centaurs (D:8)
  A kobold brigand (D:8)
  2 gnoll sergeants
  A necrophage (D:5)
  4 bullfrogs
  2 scorpions
  5 wights
  5 killer bees
  A howler monkey (D:8)
  4 hounds
  A jelly (D:7)
  4 orc priests
  Ijyb (D:3)
  Jessica (D:3)
  4 iguanas
  7 orc wizards
  10 adders
  10 gnolls
  A river rat (D:3)
  A shadow imp (D:6)
  An ufetubus (D:4)
  5 worms
  3 dart slugs
  14 orcs
  7 endoplasms
  5 giant cockroaches
  6 goblins
  13 hobgoblins
  5 quokkas
  6 ball pythons
  5 bats
  6 frilled lizards
  9 kobolds
  6 rats
206 creatures vanquished.

Vanquished Creatures (others)
  3 plants (D:8)
3 creatures vanquished.

Grand Total: 209 creatures vanquished

Notes
Turn   | Place    | Note
-------+----------+-------------------------------------------
     0 | D:1      | BigDaddyOpFi the Felid Earth Elementalist began the quest
                  | for the Orb.
     0 | D:1      | Reached XP level 1. HP: 7/7 MP: 4/4
   508 | D:1      | Reached XP level 2. HP: 11/11 MP: 4/6
   965 | D:2      | Reached XP level 3. HP: 14/14 MP: 4/7
  1010 | D:2      | Reached skill level 1 in Conjurations
  1516 | D:2      | Reached XP level 4. HP: 13/18 MP: 4/9
  1821 | D:3      | Noticed Jessica
  1823 | D:3      | Noticed Ijyb
  1934 | D:3      | Found a white marble altar of Elyvilon.
  1935 | D:3      | Found a shimmering altar of Xom.
  1994 | D:3      | Killed Ijyb
  2013 | D:3      | Reached XP level 5. HP: 9/21 MP: 2/10
  2127 | D:3      | Killed Jessica
  2232 | D:3      | Gained mutation: Your magical capacity is low. (-10% MP)
                  | [potion of mutation]
  2232 | D:3      | Gained mutation: Your mind is acute. (Int +4, Str/Dex -1)
                  | [potion of mutation]
  2278 | D:3      | Found a glowing drain.
  2972 | D:4      | Gained mutation: You are covered in thick fur. (AC +2)
                  | [Felid growth]
  2972 | D:4      | Reached XP level 6. HP: 24/24 MP: 8/11
  3135 | D:4      | HP: 1/24 [black bear (2)]
  3374 | D:4      | Found a glowing golden altar of the Shining One.
  3620 | D:4      | Noticed a yak
  3659 | D:4      | Killed a yak
  3660 | D:4      | Reached XP level 7. HP: 25/27 MP: 8/13
  3921 | D:4      | Learned a level 3 spell: Stone Arrow
  3943 | D:5      | Entered Level 5 of the Dungeon
  4281 | D:5      | Reached skill level 5 in Earth Magic
  4506 | D:5      | Found a radiant altar of Vehumet.
  4551 | D:5      | Reached skill level 5 in Spellcasting
  4576 | D:5      | Became a worshipper of Vehumet
  4782 | D:5      | Reached XP level 8. HP: 31/31 MP: 10/15
  4875 | D:5      | Found a sacrificial altar of Ru.
  5183 | D:6      | Reached skill level 5 in Conjurations
  6954 | D:6      | Noticed a kobold demonologist
  6962 | D:6      | Killed a kobold demonologist
  6963 | D:6      | Reached skill level 1 in Fighting
  6963 | D:6      | Reached skill level 1 in Translocations
  6963 | D:6      | Reached XP level 9. HP: 35/35 MP: 12/17
  7426 | D:7      | Paralysed by a hornet for 3 turns
  7426 | D:7      | Slain by a hornet
  7427 | D:7      | Reached XP level 8. HP: -1/32 MP: 13/16
  7456 | D:7      | Killed a hornet
  7457 | D:7      | Reached skill level 1 in Air Magic
  9670 | D:7      | Learned a level 3 spell: Vhi's Electric Charge
  9930 | D:7      | Upgraded the game from 0.30-a0-715-gdb4ae3ece1 to
                  | 0.30-a0-718-geaa24f58ff
  9943 | D:7      | Found a staircase to the Ecumenical Temple.
 10678 | D:8      | Reached XP level 9. HP: 37/37 MP: 14/18
 10682 | D:8      | Reached skill level 5 in Stealth
 10883 | D:8      | Reached skill level 5 in Dodging
 10904 | D:9      | HP: 1/37 [poisoned by a killer bee]
 10905 | D:9      | Lost mutation: Your magical capacity is low. (-10% MP)
                  | [potion of mutation]
 10905 | D:9      | Lost mutation: Your mind is acute. (Int +4, Str/Dex -1)
                  | [potion of mutation]
 10905 | D:9      | Gained mutation: You are partially covered in iridescent
                  | scales. (AC +2) [potion of mutation]
 10905 | D:9      | Gained mutation: You possess an exceptional clarity of
                  | mind. [potion of mutation]
 10905 | D:9      | Gained mutation: You occasionally shout uncontrollably at
                  | your foes. [potion of mutation]
 10905 | D:9      | Gained mutation: Your skin changes colour to match your
                  | surroundings (Stealth+). [potion of mutation]
 10905 | D:9      | Succumbed to a killer bee's poison
 10906 | D:9      | Reached XP level 8. HP: 0/34 MP: 1/19
 10906 | D:9      | Found a broken altar of Ashenzari.
 11157 | D:9      | Found Qalyur's Magic Scroll Shop.
 11197 | D:9      | Reached * piety under Vehumet
 11197 | D:9      | Offered knowledge of Freeze by Vehumet.
 11214 | D:10     | Entered Level 10 of the Dungeon
 11727 | D:10     | Noticed a two-headed ogre
 11846 | D:9      | Reached XP level 9. HP: 38/38 MP: 10/20
 13425 | D:8      | Noticed Grum
 13653 | D:8      | Noticed Pikel
 13663 | D:8      | Killed Pikel
 14028 | D:8      | Noticed Prince Ribbit
 14032 | D:8      | Killed Prince Ribbit
 15827 | D:8      | Found Hietar's Antique Armour Boutique.
 16184 | D:7      | Killed Grum
 19695 | D:8      | Reached XP level 10. HP: 43/43 MP: 12/22
 22685 | D:8      | Learned a level 1 spell: Freeze
 22687 | D:8      | Learned a level 1 spell: Magic Dart
 22690 | D:8      | Learned a level 2 spell: Searing Ray
 23266 | D:8      | Reached skill level 5 in Fighting
 23639 | D:8      | Slain by a troll
 23640 | D:8      | Reached XP level 9. HP: -4/60 MP: 1/21
 23771 | D:8      | Identified the +3 war axe of Doors {speed, Will+}
 23896 | D:8      | Killed a troll
 24634 | D:8      | Noticed Psyche
 24640 | D:8      | Killed Psyche
 24877 | D:8      | Noticed a cyan ugly thing
 24878 | D:8      | Noticed a cyclops
 24880 | D:8      | Noticed a cyclops
 24882 | D:8      | Identified the +8 hand axe "Wetic" {spect, rC+}
 24882 | D:8      | Noticed a centaur warrior
 24888 | D:8      | Noticed a gargoyle
 24895 | D:8      | Killed a cyan ugly thing
 24896 | D:8      | Reached XP level 10. HP: 20/44 MP: 19/23
 24896 | D:8      | Shot with an arrow by a centaur warrior

Illustrated notes

Levels and vault maps discovered:
D:1:      dpeg_arrival_stone_temple_mockup, layout_basic,
          minmay_misc_feat_secret_circle
D:2:      layout_rooms
D:3:      layout_loops_cross, gammafunk_temple_overflow_pools,
          gup_sewer_entry_bubbles, uniq_jessica, uniq_ijyb
D:4:      cheibrodos_barr_body, layout_basic, lemuel_doored_altar,
          chequers_serial_rivers_small_b
D:5:      layout_loops_ring, lemuel_tele_altar, old_standard_altar,
          eino_tiny_chamber, minmay_misc_feat_doors
D:6:      layout_basic
D:7:      layout_rooms, minmay_temple_entry_stoned_glass, minmay_holes
D:8:      minmay_the_grid_triangle_9x9_rhombus_full
          [minmay_the_grid_triangle_9x9_minimal,
          minmay_the_grid_triangle_9x9_alien,
          minmay_the_grid_triangle_9x9_longest,
          minmay_the_grid_triangle_9x9_dagger,
          minmay_the_grid_triangle_9x9_semitri,
          minmay_the_grid_triangle_9x9_swiss_cheese,
          minmay_the_grid_triangle_9x9_stretched_checkered,
          minmay_the_grid_triangle_9x9_prize_schism], layout_basic,
          serial_shops, shop, serial_bayou_pond_e, uniq_psyche,
          uniq_prince_ribbit1, uniq_pikel, uniq_grum
D:9:      layout_basic, cheibrodos_ashenzari_chains, dk_yredelemnul_ordeal,
          david_lair_generic, serial_shops, shop, nicolae_straight_to_the_point
D:10:     layout_cave_pools, bloody_makhleb, mainiacjoe_overflow_alcove_2,
          grunt_decor_junction

Skill      XL: |  1  2  3  4  5  6  7  8  9 10 |
---------------+-------------------------------+-----
Earth Magic    | 3 4 5 6 |  6.5
Conjurations   | 1 2 3 4 5 6 |  6.9
Spellcasting   | 3 4 5 7 8 |  8.1
Fighting       | 3 4 5 |  5.3
Dodging        | 4 6 7 |  7.6
Stealth        | 6 7 8 |  8.3
Translocations | 3 4 |  4.4
Air Magic      | 3 4 |  4.6
Transmutations | |  1.5

Action                     |  1- 3 |  4- 6 |  7- 9 | 10-12 || total
---------------------------+-------+-------+-------+-------++-------
  Melee: Unarmed           |    12 |    14 |    19 |     2 ||    47
         Bite              |     1 |     2 |     1 |       ||     4
   Cast: Sandblast         |    51 |   101 |    60 |     3 ||   215
         Stone Arrow       |       |       |   164 |    44 ||   208
         Vhi's Electric Ch |       |       |     3 |     2 ||     5
         Magic Dart        |       |       |     3 |     7 ||    10
         Searing Ray       |       |       |       |     3 ||     3
  Evoke: Wand              |       |       |    20 |       ||    20
    Use: Scroll            |       |     8 |     7 |       ||    15
         Potion            |       |     9 |     6 |     2 ||    17
 Armour: Skin              |       |     5 |     3 |     7 ||    15
  Dodge: Dodged            |    27 |   110 |   195 |    27 ||   359

Table legend: (Time is in decaauts)
 A = Elapsed time spent in this place.
 B = Non-inter-level travel time spent in this place.
 C = Inter-level travel time spent in this place.
 D = Time resting spent in this place.
 E = Time spent auto-exploring this place.
 F = Levels seen in this place.
 G = Mean time per level.
                   A        B        C        D        E       F      G
               +--------+--------+--------+--------+--------+-----+--------+
         Total |  24033 |  23866 |    167 |  17712 |   3791 |  10 | 2403.3 |
       Dungeon |  24033 |  23866 |    167 |  17712 |   3791 |  10 | 2403.3 |
               +--------+--------+--------+--------+--------+-----+--------+

Top non-repeatable levels by time:
     D:8: 10319 daAuts
     D:7: 3791 daAuts
     D:9: 2559 daAuts
     D:6: 2253 daAuts
     D:3: 1339 daAuts
     D:5: 1288 daAuts
     D:2: 772 daAuts
     D:1: 770 daAuts
     D:4: 727 daAuts
    D:10: 211 daAuts
